 Dungeon Crawl Stone Soup version 0.30.0-13-g156ef70053 (webtiles) character file.

Game seed: 7901067675472295055

60 cheesebisquit the Grasshopper (level 3, -1/18 HPs)
             Began as a Spriggan Warper on May 17, 2023.
             Slain by Jessica
             ... wielding a +0 long sword
              (8 damage)
             ... on level 2 of the Dungeon.
             The game lasted 00:13:19 (2835 turns).

cheesebisquit the Grasshopper (Spriggan Warper)     Turns: 2835, Time: 00:13:19

Health: -1/18      AC:  2    Str:  7    XL:     3   Next: 80%
Magic:  8/8        EV: 23    Int: 16    God:
Gold:   97         SH:  0    Dex: 14    Spells: 1/8 levels left

rFire   . . .        a - +0 short sword
rCold   . . .        (no shield)
rNeg    . . .        b - +0 robe
rPois   .            (helmet restricted)
rElec   .            (no cloak)
rCorr   .            (gloves unavailable)
SInv    +            (boots unavailable)
Will    .....        (no amulet)
Stlth   ++           i - +5 ring of evasion
HPRegen 0.23/turn    j - ring of wizardry
MPRegen 0.11/turn

%: wizardry (x1)
@: slowed, quick
A: very small, no large weapons, unfitting armour, see invisible, speed 3
a: no special abilities


You were on level 2 of the Dungeon.
You visited 1 branch of the dungeon, and saw 2 of its levels.

You collected 97 gold pieces.

Inventory:

Hand Weapons
 a - a +0 short sword (weapon)
Armour
 b - a +0 robe (worn)
Jewellery
 i - a +5 ring of evasion (left hand)
 j - a ring of wizardry (right hand)
Scrolls
 c - a scroll of blinking
 d - 2 scrolls of teleportation {unknown}
 e - 2 scrolls of identify {unknown}
 g - a scroll of noise {unknown}
 h - a scroll of immolation {unknown}
 l - a scroll of enchant weapon {unknown}
 m - a scroll of enchant armour {unknown}
Potions
 f - a potion of invisibility {unknown}
 k - a potion of magic {unknown}


   Skills:
 + Level 1.7 Fighting
 + Level 2.8 Short Blades
 - Level 1.0 Throwing
 + Level 3.8 Dodging
 + Level 2.2 Stealth
 + Level 3.2 Spellcasting
 + Level 5.0 Translocations


You had one spell level left.
You knew the following spells:

 Your Spells              Type           Power      Damage    Failure   Level
a - Blink                 Tloc           36%        N/A       1%          2
b - Lesser Beckoning      Tloc           36%        N/A       1%          2
c - Teleport Other        Tloc           18%        N/A       2%          3

Your spell library contained the following spells:

 Spells                   Type           Power      Damage    Failure   Level
 Vhi's Electric Charge    Tloc/Air       20%        N/A       9%          3
 Manifold Assault         Tloc           18%        N/A       10%         4
 Storm Form               Tmut/Air       1%         N/A       100%        7


Dungeon Overview and Level Annotations

Branches:
Dungeon (2/15)

Altars:

Annotations:
D:2 Jessica


Innate Abilities, Weirdness & Mutations

You are very small and have problems with some larger weapons.
You are too small for most types of armour.
You have supernaturally acute eyesight. (SInv)
You cover ground extremely quickly. (Speed+++)


Message History

Jessica is heavily wounded.
Jessica misses you.
You closely miss Jessica.
Jessica is heavily wounded.
Jessica completely misses you.
You hit Jessica.
Jessica is heavily wounded.
Jessica gestures wildly.
Jessica mumbles some strange words.
Jessica blinks!
You hit Jessica but do no damage.
Jessica is heavily wounded.
You hit Jessica.
Jessica is almost dead.
Jessica mumbles some strange words.
Jessica blinks!
You start resting.
Jessica is nearby!
Jessica casts a spell.
Jessica seems to speed up.
Jessica gestures at you while chanting.
You struggle to resist.
There is a stone staircase leading up here.
You hit Jessica.
Jessica is almost dead.
Jessica mumbles something strange.
Jessica mumbles some strange words.
Jessica blinks!
Jessica gestures at you while chanting.
You feel yourself slow down.
You hit Jessica.
Jessica is almost dead.
Jessica misses you. Jessica hits you with a +0 long sword.
You barely miss Jessica.
Jessica is almost dead.
Jessica misses you.
You hit Jessica but do no damage.
Jessica is almost dead.
Jessica hits you with a +0 long sword. Jessica hits you with a +0 long sword!
You die...

##.#
#.....#.........#
.#.#
#.#.#.#.###.#.###
##.# #.#.#.#.#
#.#.# ##.#
##.#.#.#.# #.#.#
##.# ##....#.#.#
#.#.# ##.#
#...###.#.###.#.#
##.###.#.#
#.......#@#
##.##..#.#
###.#####.#
##.#..##.# #.#@#
#.# ##.#.###.#
#.#@# #)# ##...#
#.# #.#.# #(# ##
##..## #.#
#.#.###.#...#
...## #.#
#.#.......#
########.#
#.#####.#.#
.........# #.#
..#.# ##########
#)# ### # # #.#


You could see Jessica (fast).

Vanquished Creatures
  2 adders (D:2)
  A worm (D:2)
  4 orcs (D:2)
  2 bats (D:1)
  An endoplasm (D:1)
  2 giant cockroaches (D:1)
  3 goblins
  A hobgoblin (D:1)
  2 jackals (D:1)
  4 quokkas (D:1)
  2 ball pythons (D:1)
  4 kobolds
  5 rats (D:1)
33 creatures vanquished.

Notes
Turn   | Place    | Note
-------+----------+-------------------------------------------
     0 | D:1      | cheesebisquit the Spriggan Warper began the quest for the
                  | Orb.
     0 | D:1      | Reached XP level 1. HP: 10/10 MP: 5/5
   436 | D:1      | Reached skill level 1 in Stealth
   442 | D:1      | Reached XP level 2. HP: 14/14 MP: 6/6
  1196 | D:2      | Noticed Jessica
  1267 | D:2      | Reached XP level 3. HP: 12/18 MP: 8/8
  1520 | D:1      | Learned a level 2 spell: Blink
  1523 | D:1      | Learned a level 2 spell: Lesser Beckoning
  1527 | D:1      | Learned a level 3 spell: Teleport Other
  2364 | D:2      | Reached skill level 5 in Translocations
  2835 | D:2      | Slain by Jessica

Illustrated notes

Levels and vault maps discovered:
D:1:      dpeg_arrival_water_temple_mockup, layout_basic, minivault_26
D:2:      layout_basic, uniq_jessica

Skill      XL: |  1  2  3 |
---------------+----------+-----
Stealth        | 1 2 |  2.2
Spellcasting   | 3 |  3.2
Translocations | 5 |  5.0
Fighting       | |  1.7
Short Blades   | |  2.8
Throwing       | |  1.0
Dodging        | |  3.8

Action                     || total
---------------------------++-------
  Melee: Short sword       ||   219
         Punch             ||     1
  Throw: Boomerang         ||     7
         Dart              ||    40
   Cast: Teleport Other    ||     2
    Use: Potion            ||     1
 Armour: Robe              ||    15
  Dodge: Dodged            ||   162
